 Dungeon Crawl Stone Soup version 0.30-a0-924-g0ad0bf95bc (webtiles) character file.

Game seed: 4243595633837614032

329 Iniera the Conjurer (level 6, -1/28 HPs)
             Began as a Vine Stalker Conjurer on Mar 22, 2023.
             Slain by an iguana (6 damage)
             ... on level 4 of the Dungeon.
             The game lasted 00:05:13 (3703 turns).

Iniera the Conjurer (Vine Stalker Conjurer)         Turns: 3703, Time: 00:05:14

Health: -1/28      AC:  5    Str: 10    XL:     6   Next: 50%
Magic:  0/11       EV: 12    Int: 20    God:
Gold:   175        SH:  0    Dex: 12    Spells: 7/10 levels left

rFire   . . .      SeeInvis .    e - +0 rapier
rCold   . . .      Faith    .    (no shield)
rNeg    . . .      Spirit   +    a - +0 robe
rPois   .          Reflect  .    h - +2 helmet
rElec   .          Rampage  .    (no cloak)
rCorr   .                        (no gloves)
Will    .....                    (no boots)
Stlth   ++                       (no amulet)
HPRegen 1.04/turn                (no ring)
MPRegen 0.12/turn                (no ring)

@: mighty
A: fangs 2, regeneration 1, magic shield, antimagic bite, no potion heal 2
a: no special abilities


You were on level 4 of the Dungeon.
You visited 1 branch of the dungeon, and saw 5 of its levels.

You collected 197 gold pieces.
You spent 22 gold pieces at shops.

Inventory:

Hand Weapons
 e - a +0 rapier (weapon)
Armour
 a - a +0 robe (worn)
 h - a +2 helmet (worn)
Scrolls
 d - a scroll of immolation {unknown}
 l - 2 scrolls of vulnerability
 p - 2 scrolls of teleportation
Potions
 b - 3 potions of magic
 c - 2 potions of mutation
 i - a potion of curing
 j - a potion of attraction {unknown}
 k - a potion of haste {unknown}
 m - a potion of resistance {unknown}


   Skills:
 - Level 1.5 Dodging
 - Level 2.4 Stealth
 + Level 2.9 Spellcasting
 * Level 7.3 Conjurations


You had 7 spell levels left.
You knew the following spells:

 Your Spells              Type           Power      Damage    Failure   Level
a - Magic Dart            Conj           100%       1d8       1%          1
b - Searing Ray           Conj           64%        2d6       1%          2

Your spell library contained the following spells:

 Spells                   Type           Power      Damage    Failure   Level
 Dazzling Flash           Conj/Hex       34%        N/A       10%         3
 Mephitic Cloud           Conj/Pois/Air  12%        N/A       16%         3
 Cigotuvi's Dreadful Rot  Necr/Pois/Air  4%         N/A       22%         2
 Ensorcelled Hibernation  Hex/Ice        4%         N/A       22%         2
 Poisonous Vapours        Pois/Air       4%         N/A       22%         2
 Fulminant Prism          Conj/Hex       8%         3d7       32%         4
 Iskenderun's Mystic Bla  Conj/Tloc      17%        2d5       32%         4
 Call Canine Familiar     Summ           2%         N/A       41%         3
 Ignite Poison            Fire/Tmut/Pois 2%         N/A       41%         3
 Kindle Blastsparks       Fire/Tloc/Air  4%         2d10      41%         3
 Portal Projectile        Hex/Tloc       4%         N/A       41%         3
 Spider Form              Tmut/Pois      2%         N/A       41%         3
 Anguish                  Hex/Necr       1%         N/A       82%         4
 Leda's Liquefaction      Hex/Erth       1%         N/A       82%         4
 Freezing Cloud           Conj/Ice/Air   6%         6-21      82%         5


Dungeon Overview and Level Annotations

Branches:
Dungeon (5/15)
 Temple: D:4-7

Altars:

Shops:
D:1 ?(


Innate Abilities, Weirdness & Mutations

You have extremely sharp teeth.
Your natural rate of healing is unusually fast.
When hurt, damage is shared between your health and your magic reserves.
Your bite disrupts and absorbs the magic of your enemies.
Potions cannot restore your health.


Message History

Blork the orc hits you with a +0 scimitar.
You closely miss Blork the orc. You bite Blork the orc!
Blork the orc's magic leaks into the air.
You drain his magic.
You feel invigorated.
Blork the orc is moderately wounded.
The iguana bites you!
Blork the orc hits you with a +0 scimitar!
* * * LOW HITPOINT WARNING * * *
You puncture Blork the orc! You bite Blork the orc!
Blork the orc's magic leaks into the air.
You drain his magic.
You feel invigorated.
Blork the orc is severely wounded.
The iguana bites you.
* * * LOW HITPOINT WARNING * * *
Blork the orc barely misses you.
You puncture Blork the orc!
You kill Blork the orc!
The iguana barely misses you. The iguana bites you.
* * * LOW HITPOINT WARNING * * *
Unknown command.
You barely miss the iguana.
The iguana bites you but does no damage.
You hit the iguana.
The iguana is moderately wounded.
The iguana bites you.
* * * LOW HITPOINT WARNING * * *
You puncture the iguana! Your bite misses the iguana.
The iguana is severely wounded.
The iguana bites you!
* * * LOW HITPOINT WARNING * * *
Casting: Magic Dart (safe; 1% risk of failure)
Confirm with . or Enter, or press ? or * to list all spells.
Aiming: Searing Ray (safe; 1% risk of failure)
Press: ? - help, Shift-Dir - straight line, f - iguana
Aim: an iguana (severely wounded, 83% to hit)
The searing ray hits the iguana but does no damage.
The iguana is severely wounded. (Press . to maintain the ray.)
The iguana bites you!
You die...

#........#....#...
#........#....#...
#........#....##..
#......<.#....##..
#........#........
#........#........
#........#....##..
#........#....##..
#@.......#.....[..
#l)......#........
#........#....##..
#........#....##..
#........#....#...
#........#....#...
#.......#########+
#.......#..<......
#.......#.........


You could see an iguana.

Vanquished Creatures
  Blork the orc (D:4)
  A crimson imp (D:4)
  A jelly (D:4)
  An orc priest (D:3)
  An orc wizard (D:3)
  A gnoll (D:1)
  3 adders
  2 white imps
  3 worms
  2 dart slugs
  4 orcs
  10 endoplasms
  5 giant cockroaches
  8 goblins
  4 hobgoblins
  A quokka (D:1)
  11 ball pythons
  5 bats
  6 frilled lizards
  3 kobolds (D:1)
  4 rats
77 creatures vanquished.

Notes
Turn   | Place    | Note
-------+----------+-------------------------------------------
     0 | D:1      | Iniera the Vine Stalker Conjurer began the quest for the
                  | Orb.
     0 | D:1      | Reached XP level 1. HP: 9/9 MP: 4/4
   205 | D:1      | Reached XP level 2. HP: 13/13 MP: 4/6
   230 | D:1      | Learned a level 2 spell: Searing Ray
   487 | D:1      | Found Liux's Magic Scroll Emporium.
   575 | D:1      | Bought a scroll of identify for 22 gold pieces
   638 | D:1      | Found Coxyet's Weapon Emporium.
   750 | D:1      | Reached skill level 5 in Conjurations
   750 | D:1      | Reached XP level 3. HP: 15/16 MP: 0/7
  1656 | D:2      | Gained mutation: Your natural rate of healing is unusually
                  | fast. [Vine Stalker growth]
  1656 | D:2      | Reached XP level 4. HP: 21/21 MP: 3/8
  2307 | D:3      | Reached skill level 6 in Conjurations
  2324 | D:3      | Reached XP level 5. HP: 10/24 MP: 0/9
  3250 | D:4      | Reached skill level 7 in Conjurations
  3250 | D:4      | Reached XP level 6. HP: 28/28 MP: 5/10
  3691 | D:5      | Entered Level 5 of the Dungeon
  3691 | D:5      | Noticed Blork the orc
  3699 | D:4      | Killed Blork the orc
  3703 | D:4      | Slain by an iguana

Illustrated notes

Levels and vault maps discovered:
D:1:      shiori_arrival_maze, layout_basic, serial_shops, nicolae_shop_crystal,
          nicolae_diamond_shop, minmay_tree_intersection
D:2:      layout_rooms, chequers_decorated_corner
D:3:      layout_loops_ring, minmay_goblin_outpost
D:4:      layout_gridville, minmay_fire_ice_demons
D:5:      layout_rooms, nicolae_overflow_hallway_of_the_gods, uniq_blork_the_orc

Skill      XL: |  1  2  3  4  5 |
---------------+----------------+-----
Conjurations   | 5 6 7 |  7.3
Dodging        | |  1.5
Stealth        | |  2.4
Spellcasting   | |  2.9

Action                     |  1- 3 |  4- 6 || total
---------------------------+-------+-------++-------
  Melee: Dagger            |     8 |    46 ||    54
         Bite              |       |    17 ||    17
         Rapier            |       |     8 ||     8
   Cast: Magic Dart        |    76 |    71 ||   147
         Searing Ray       |       |     2 ||     2
    Use: Scroll            |     1 |     7 ||     8
         Potion            |       |     1 ||     1
   Stab: Sleeping          |       |     1 ||     1
 Armour: Robe              |     6 |    16 ||    22
  Dodge: Dodged            |    17 |    30 ||    47

Table legend: (Time is in decaauts)
 A = Elapsed time spent in this place.
 B = Non-inter-level travel time spent in this place.
 C = Inter-level travel time spent in this place.
 D = Time resting spent in this place.
 E = Time spent auto-exploring this place.
 F = Levels seen in this place.
 G = Mean time per level.
                   A        B        C        D        E       F      G
               +--------+--------+--------+--------+--------+-----+--------+
         Total |   3704 |   3607 |     97 |    212 |   2957 |   5 |  740.8 |
       Dungeon |   3704 |   3607 |     97 |    212 |   2957 |   5 |  740.8 |
               +--------+--------+--------+--------+--------+-----+--------+

Top non-repeatable levels by time:
     D:1: 1453 daAuts
     D:3: 934 daAuts
     D:4: 773 daAuts
     D:2: 540 daAuts
     D:5: 3 daAuts
